General information
- name: BNet
- type: Ladder team game (AT/RT)
- host: Battle.net
- saver: SandNagger
map: DragonFalls
- players: 8
- length: 84:03
- speed: Fast
- version: 1.26 W3XP
- replay type: Public
» download(451 KB)
Players
team 1 (loser)
Halethorpe (
teal | 46 APM | 3903 actions | 84:03)
8 Mountain King
3 Storm Bolt
3 Bash
1 Avatar
1 Thunder Clap
8 Paladin
3 Holy Light
1 Devotion Aura
3 Divine Shield
1 Resurrection
1 Warden
1 Shadow Strike
1 Dreadlord
1 Sleep
» actions
| Basic commands | 24 | |
| Build / train | 106 | |
| Enter build submenu | 25 | |
| Enter hero's abilities submenu | 19 | |
| Give item / drop item | 14 | |
| Remove unit from queue | 4 | |
| Right click | 2780 | |
| Select / deselect | 757 | |
| Use ability | 173 | |
3903 total
» units
| Peasant | 14 | |
| Footman | 7 | |
| Gryphon Rider | 23 | |
44 total
» upgrades
| Plating | 0 | |
| Swords | 3 | |
| Armor | 3 | |
| Lumber Harvesting | 1 | |
| Storm Hammers | 1 | |
8 total
» buildings
| Altar of Kings | 1 | |
| Farm | 12 | |
| Barracks | 1 | |
| Arcane Vault | 1 | |
| Blacksmith | 1 | |
| Lumber Mill | 1 | |
| Keep | 1 | |
| Castle | 1 | |
| Gryphon Aviary | 2 | |
| Town Hall | 2 | |
23 total
» build order
00:25 Altar of Kings
00:29 Farm
00:41 Barracks
01:05 Farm
01:31 Arcane Vault
01:55 Farm
02:32 Blacksmith
02:59 Lumber Mill
04:08 Keep
04:13 Farm
06:51 Castle
06:54 Gryphon Aviary
06:58 Gryphon Aviary
07:01 Farm
08:57 Farm
10:33 Farm
10:35 Farm
11:53 Farm
11:55 Farm
15:21 Farm
15:23 Farm
20:17 Town Hall
27:32 Town Hall
» items
| Scroll of Regeneration | 4 | |
| Lesser Clarity Potion | 6 | |
| Orb of Fire | 1 | |
| Scroll of Town Portal | 3 | |
| Potion of Healing | 7 | |
| Potion of Mana | 3 | |
| Dust of Appearance | 1 | |
| Orb of Corruption | 1 | |
| Orb of Lightning | 1 | |
| Scroll of Speed | 1 | |
28 total
legowrestler (
yellow | 44 APM | 2812 actions | 63:18)
8 Crypt Lord
3 Spiked Carapace
3 Carrion Beetles
1 Locust Swarm
1 Impale
4 Lich
2 Frost Nova
2 Dark Ritual
4 Dreadlord
2 Vampiric Aura
2 Sleep
» actions
| Assign group hotkey | 59 | |
| Build / train | 122 | |
| Enter build submenu | 31 | |
| Enter hero's abilities submenu | 18 | |
| Remove unit from queue | 3 | |
| Right click | 1728 | |
| Select / deselect | 480 | |
| Select group hotkey | 261 | |
| Use ability | 110 | |
2812 total
» units
| Acolyte | 25 | |
| Ghoul | 9 | |
| Crypt Fiend | 11 | |
| Necromancer | 14 | |
| Abomination | 17 | |
| Obsidian Statue | 1 | |
77 total
» upgrades
| Unholy Armor | 3 | |
| Necromancer Training | 2 | |
| Exhume Corpses | 1 | |
| Skeletal Longevity | 1 | |
| Unholy Strength | 2 | |
| Web | 1 | |
| Disease Cloud | 1 | |
| Skeletal Mastery | 1 | |
| Destroyer Form | 0 | |
12 total
» buildings
| Graveyard | 2 | |
| Ziggurat | 17 | |
| Altar of Darkness | 1 | |
| Crypt | 1 | |
| Spirit Tower | 6 | |
| Halls of the Dead | 1 | |
| Tomb of Relics | 1 | |
| Necropolis | 1 | |
| Temple of the Damned | 1 | |
| Slaughterhouse | 1 | |
| Black Citadel | 1 | |
| Nerubian Tower | 1 | |
34 total
» build order
01:43 Graveyard
01:48 Ziggurat
01:52 Altar of Darkness
01:56 Crypt
02:01 Ziggurat
02:04 Ziggurat
03:35 Spirit Tower
04:33 Ziggurat
04:38 Ziggurat
05:43 Halls of the Dead
07:49 Tomb of Relics
07:52 Spirit Tower
09:04 Necropolis
09:10 Temple of the Damned
09:39 Slaughterhouse
10:45 Black Citadel
13:49 Ziggurat
13:52 Ziggurat
13:55 Ziggurat
14:02 Ziggurat
14:06 Ziggurat
14:17 Graveyard
14:59 Spirit Tower
14:59 Spirit Tower
15:07 Spirit Tower
18:49 Nerubian Tower
21:16 Spirit Tower
25:52 Ziggurat
25:57 Ziggurat
26:01 Ziggurat
26:05 Ziggurat
49:01 Ziggurat
50:47 Ziggurat
52:27 Ziggurat
SandNagger (
red | 37 APM | 3120 actions | 84:03)
10 Blademaster
3 Wind Walk
3 Critical Strike
1 Bladestorm
3 Mirror Image
» actions
| Assign group hotkey | 22 | |
| Basic commands | 91 | |
| Build / train | 126 | |
| Enter build submenu | 32 | |
| Enter hero's abilities submenu | 10 | |
| Give item / drop item | 24 | |
| Remove unit from queue | 1 | |
| Right click | 1606 | |
| Select / deselect | 525 | |
| Select group hotkey | 277 | |
| Use ability | 405 | |
3120 total
» units
| Peon | 13 | |
| Grunt | 5 | |
| Goblin Shredder | 2 | |
| Goblin Zeppelin | 5 | |
| Troll Batrider | 8 | |
| Green Dragon | 4 | |
| Goblin Sapper | 8 | |
| Troll Witch Doctor | 2 | |
47 total
» upgrades
| Ranged Weapons | 3 | |
| Armor | 3 | |
| Reinforced Defenses | 1 | |
| Liquid Fire | 1 | |
| Troll Regeneration | 1 | |
| Witch Doctor Training | 2 | |
11 total
» buildings
| Orc Burrow | 3 | |
| Altar of Storms | 1 | |
| Barracks | 1 | |
| Voodoo Lounge | 2 | |
| War Mill | 2 | |
| Stronghold | 1 | |
| Great Hall | 2 | |
| Watch Tower | 25 | |
| Fortress | 1 | |
| Beastiary | 4 | |
| Spirit Lodge | 1 | |
43 total
» build order
00:12 Orc Burrow
00:55 Altar of Storms
00:58 Barracks
01:09 Orc Burrow
02:03 Voodoo Lounge
02:55 War Mill
03:29 Stronghold
04:45 Great Hall
05:17 Orc Burrow
05:51 Watch Tower
05:51 Watch Tower
09:23 Watch Tower
09:24 Watch Tower
09:25 Watch Tower
10:28 Fortress
10:33 Watch Tower
10:33 Watch Tower
10:34 Watch Tower
10:35 Watch Tower
10:36 Watch Tower
10:36 Watch Tower
11:30 Beastiary
11:33 Beastiary
11:34 Beastiary
11:37 Beastiary
14:04 Watch Tower
14:05 Watch Tower
14:08 Watch Tower
20:04 Watch Tower
20:04 Watch Tower
20:04 Watch Tower
20:08 Watch Tower
20:09 Watch Tower
20:10 Watch Tower
20:11 Watch Tower
20:12 Watch Tower
20:13 Watch Tower
20:15 Watch Tower
20:17 Watch Tower
28:54 War Mill
41:12 Voodoo Lounge
41:14 Spirit Lodge
52:53 Great Hall
» items
| Healing Salve | 9 | |
| Lesser Clarity Potion | 13 | |
| Scroll of Town Portal | 10 | |
| Orb of Lightning | 1 | |
| Potion of Mana | 8 | |
| Potion of Healing | 9 | |
| Periapt of Vitality | 2 | |
| Tiny Great Hall | 1 | |
| Potion of Lesser Invulnerability | 1 | |
54 total
Seal-KissFrmARs (
blue | 60 APM | 2277 actions | 37:52)
5 Keeper of the Grove
3 Entangling Roots
2 Thorns Aura
4 Warden
2 Shadow Strike
2 Blink
» actions
| Assign group hotkey | 44 | |
| Basic commands | 57 | |
| Build / train | 112 | |
| ESC pressed | 12 | |
| Enter build submenu | 30 | |
| Enter hero's abilities submenu | 9 | |
| Give item / drop item | 1 | |
| Right click | 1111 | |
| Select / deselect | 383 | |
| Select group hotkey | 406 | |
| Use ability | 112 | |
2277 total
» units
| Wisp | 34 | |
| Archer | 9 | |
| Glaive Thrower | 25 | |
| Dryad | 25 | |
93 total
» upgrades
| Vorpal Blades | 1 | |
| Strength of the Moon | 1 | |
| Nature's Blessing | 1 | |
3 total
» buildings
| Altar of Elders | 1 | |
| Moon Well | 10 | |
| Ancient of War | 2 | |
| Tree of Ages | 1 | |
| Hunter's Hall | 1 | |
| Ancient Protector | 6 | |
| Ancient of Lore | 1 | |
| Ancient of Wonders | 3 | |
| Tree of Life | 3 | |
28 total
» build order
00:25 Altar of Elders
00:35 Moon Well
00:39 Moon Well
01:21 Ancient of War
01:53 Moon Well
03:41 Moon Well
03:43 Moon Well
03:49 Tree of Ages
04:23 Moon Well
04:27 Moon Well
04:54 Hunter's Hall
05:49 Moon Well
06:00 Ancient Protector
06:44 Ancient of War
07:07 Ancient Protector
07:10 Ancient of Lore
07:56 Moon Well
09:02 Moon Well
10:07 Ancient Protector
11:11 Ancient Protector
11:30 Ancient Protector
11:51 Ancient Protector
13:23 Ancient of Wonders
24:18 Tree of Life
25:35 Tree of Life
25:41 Ancient of Wonders
26:04 Ancient of Wonders
30:06 Tree of Life
» items
| Dust of Appearance | 1 | |
| Potion of Healing | 3 | |
4 total
team 2 (winner)

»
gv-420 (
green | 41 APM | 3488 actions | 84:03)
7 Warden
3 Fan of Knives
2 Shadow Strike
1 Blink
1 Spirit of Vengeance
4 Blademaster
3 Mirror Image
1 Wind Walk
4 Priestess of the Moon
2 Trueshot Aura
2 Scout
» actions
| Assign group hotkey | 26 | |
| Basic commands | 72 | |
| Build / train | 132 | |
| ESC pressed | 2 | |
| Enter build submenu | 41 | |
| Enter hero's abilities submenu | 15 | |
| Give item / drop item | 8 | |
| Right click | 1508 | |
| Select / deselect | 766 | |
| Select group hotkey | 733 | |
| Use ability | 185 | |
3488 total
» units
| Wisp | 39 | |
| Archer | 11 | |
| Chimaera | 12 | |
| Hippogryph | 9 | |
| Glaive Thrower | 9 | |
80 total
» upgrades
» buildings
| Altar of Elders | 6 | |
| Moon Well | 19 | |
| Ancient of War | 2 | |
| Tree of Ages | 5 | |
| Tree of Eternity | 4 | |
| Ancient of Wind | 2 | |
| Ancient of Wonders | 4 | |
| Chimaera Roost | 4 | |
| Tree of Life | 2 | |
| Hunter's Hall | 1 | |
49 total
» build order
00:09 Altar of Elders
00:16 Moon Well
00:42 Ancient of War
01:23 Moon Well
02:26 Moon Well
03:10 Tree of Ages
03:10 Tree of Ages
03:10 Tree of Ages
03:47 Moon Well
05:52 Tree of Eternity
05:55 Ancient of Wind
06:21 Ancient of Wonders
08:17 Chimaera Roost
08:21 Chimaera Roost
08:38 Moon Well
09:52 Tree of Life
10:19 Moon Well
11:37 Moon Well
13:24 Moon Well
19:13 Tree of Life
22:45 Moon Well
23:36 Moon Well
23:41 Ancient of War
26:21 Ancient of Wonders
26:31 Moon Well
26:38 Hunter's Hall
27:26 Altar of Elders
29:47 Moon Well
34:37 Ancient of Wonders
35:07 Moon Well
35:10 Tree of Ages
35:10 Tree of Ages
37:32 Ancient of Wind
38:27 Tree of Eternity
38:27 Tree of Eternity
38:36 Moon Well
41:22 Chimaera Roost
42:06 Altar of Elders
42:12 Altar of Elders
43:45 Moon Well
45:49 Chimaera Roost
46:40 Moon Well
50:13 Altar of Elders
52:14 Altar of Elders
54:02 Moon Well
54:05 Moon Well
54:09 Moon Well
56:39 Ancient of Wonders
» items
| Orb of Venom | 1 | |
| Moonstone | 2 | |
| Potion of Healing | 6 | |
| Scroll of Town Portal | 4 | |
| Dust of Appearance | 3 | |
| Orb of Lightning | 2 | |
| Scroll of Speed | 1 | |
| Tiny Great Hall | 1 | |
| Healing Salve | 3 | |
| Tome of Retraining | 1 | |
| Lesser Clarity Potion | 1 | |
25 total

»
olive_party (
purple | 52 APM | 1466 actions | 28:16)
6 Blademaster
2 Wind Walk
3 Critical Strike
1 Bladestorm
» actions
| Assign group hotkey | 26 | |
| Build / train | 55 | |
| Enter build submenu | 42 | |
| Enter hero's abilities submenu | 6 | |
| Right click | 651 | |
| Select / deselect | 240 | |
| Select group hotkey | 352 | |
| Use ability | 94 | |
1466 total
» units
| Peon | 14 | |
| Wind Rider | 5 | |
| Troll Batrider | 10 | |
29 total
» upgrades
| Spiked Barricades | 1 | |
| Armor | 3 | |
| Ranged Weapons | 1 | |
| Reinforced Defenses | 1 | |
| Envenomed Spears | 1 | |
7 total
» buildings
| Altar of Storms | 1 | |
| Orc Burrow | 9 | |
| Voodoo Lounge | 1 | |
| War Mill | 1 | |
| Stronghold | 1 | |
| Watch Tower | 23 | |
| Beastiary | 2 | |
| Fortress | 1 | |
39 total
» build order
00:10 Altar of Storms
00:14 Orc Burrow
00:36 Voodoo Lounge
01:59 War Mill
02:23 Stronghold
02:43 Orc Burrow
03:12 Orc Burrow
04:19 Watch Tower
04:23 Watch Tower
04:44 Watch Tower
05:21 Beastiary
05:26 Beastiary
05:50 Watch Tower
06:44 Watch Tower
06:53 Watch Tower
07:14 Watch Tower
07:54 Watch Tower
08:53 Fortress
09:01 Orc Burrow
09:12 Watch Tower
09:18 Watch Tower
10:07 Watch Tower
11:55 Orc Burrow
11:59 Watch Tower
12:29 Watch Tower
12:37 Orc Burrow
12:43 Watch Tower
12:50 Watch Tower
13:03 Watch Tower
13:33 Watch Tower
13:45 Watch Tower
14:06 Watch Tower
14:16 Orc Burrow
14:42 Orc Burrow
14:50 Watch Tower
15:19 Watch Tower
15:39 Watch Tower
15:54 Orc Burrow
16:13 Watch Tower
» items
| Healing Salve | 2 | |
| Lesser Clarity Potion | 3 | |
| Orb of Venom | 1 | |
| Orb of Lightning | 1 | |
| Potion of Healing | 2 | |
| Scroll of Town Portal | 1 | |
10 total
seamesuck (
orange | 30 APM | 2489 actions | 84:03)
6 Demon Hunter
3 Mana Burn
2 Immolation
1 Metamorphosis
1 Keeper of the Grove
1 Entangling Roots
» actions
| Assign group hotkey | 29 | |
| Basic commands | 6 | |
| Build / train | 99 | |
| ESC pressed | 4 | |
| Enter build submenu | 28 | |
| Enter hero's abilities submenu | 7 | |
| Right click | 1179 | |
| Select / deselect | 705 | |
| Select group hotkey | 296 | |
| Use ability | 136 | |
2489 total
» units
| Wisp | 26 | |
| Huntress | 13 | |
| Druid of the Talon | 2 | |
| Hippogryph | 5 | |
| Dryad | 15 | |
| Archer | 7 | |
| Chimaera | 5 | |
73 total
» upgrades
| Moon Armor | 2 | |
| Strength of the Moon | 2 | |
| Druid of the Talon Training | 1 | |
| Druid of the Claw Training | 1 | |
| Strength of the Wild | 2 | |
| Reinforced Hides | 2 | |
10 total
» buildings
| Altar of Elders | 3 | |
| Moon Well | 7 | |
| Ancient of War | 2 | |
| Hunter's Hall | 1 | |
| Tree of Ages | 1 | |
| Ancient of Wind | 2 | |
| Tree of Eternity | 1 | |
| Ancient of Lore | 2 | |
| Tree of Life | 4 | |
| Chimaera Roost | 3 | |
26 total
» build order
00:20 Altar of Elders
00:37 Moon Well
00:49 Ancient of War
01:50 Moon Well
02:25 Hunter's Hall
02:32 Ancient of War
03:17 Moon Well
05:07 Moon Well
06:34 Moon Well
09:30 Tree of Ages
12:21 Ancient of Wind
12:23 Ancient of Wind
14:45 Tree of Eternity
16:43 Ancient of Lore
16:45 Ancient of Lore
21:33 Tree of Life
42:29 Tree of Life
46:48 Chimaera Roost
46:49 Chimaera Roost
46:52 Chimaera Roost
49:28 Tree of Life
54:14 Altar of Elders
55:23 Moon Well
56:32 Tree of Life
57:18 Altar of Elders
58:56 Moon Well
» items
| Scroll of Town Portal | 3 | |
| Lesser Clarity Potion | 1 | |
4 total
SandNaggers (
pink | 89 APM | 7442 actions | 84:03)
10 Blademaster
3 Wind Walk
3 Critical Strike
1 Bladestorm
3 Mirror Image
» actions
| Assign group hotkey | 157 | |
| Basic commands | 144 | |
| Build / train | 187 | |
| ESC pressed | 10 | |
| Enter build submenu | 55 | |
| Enter hero's abilities submenu | 10 | |
| Give item / drop item | 31 | |
| Remove unit from queue | 1 | |
| Right click | 3847 | |
| Select / deselect | 748 | |
| Select group hotkey | 1581 | |
| Use ability | 671 | |
7442 total
» units
| Peon | 15 | |
| Grunt | 8 | |
| Goblin Shredder | 1 | |
| Wind Rider | 13 | |
| Troll Batrider | 7 | |
| Troll Headhunter/Berserker | 13 | |
| Raider | 2 | |
59 total
» upgrades
| Berserker Strength | 1 | |
| Armor | 3 | |
| Reinforced Defenses | 1 | |
| Envenomed Spears | 1 | |
| Ranged Weapons | 3 | |
| Liquid Fire | 1 | |
| Troll Regeneration | 1 | |
| Spiked Barricades | 3 | |
| Burning Oil | 0 | |
| Berserker Upgrade | 1 | |
| Melee Weapons | 3 | |
| Ensnare | 1 | |
| Pillage | 1 | |
20 total
» buildings
| Orc Burrow | 5 | |
| Altar of Storms | 2 | |
| Barracks | 3 | |
| Voodoo Lounge | 3 | |
| Stronghold | 3 | |
| Great Hall | 3 | |
| War Mill | 1 | |
| Fortress | 2 | |
| Watch Tower | 32 | |
| Beastiary | 4 | |
58 total
» build order
00:11 Orc Burrow
01:05 Altar of Storms
01:07 Barracks
01:20 Orc Burrow
02:00 Voodoo Lounge
02:06 Orc Burrow
03:54 Stronghold
03:54 Stronghold
05:05 Great Hall
05:18 War Mill
06:17 Orc Burrow
06:21 Fortress
07:25 Watch Tower
07:27 Watch Tower
07:53 Watch Tower
08:27 Beastiary
08:33 Beastiary
11:36 Watch Tower
11:37 Watch Tower
17:54 Watch Tower
17:57 Watch Tower
18:04 Watch Tower
18:05 Watch Tower
20:13 Watch Tower
20:14 Watch Tower
20:17 Watch Tower
20:19 Watch Tower
24:04 Voodoo Lounge
24:47 Beastiary
24:49 Beastiary
27:43 Barracks
27:44 Barracks
31:54 Great Hall
31:55 Watch Tower
31:56 Watch Tower
31:57 Watch Tower
32:00 Watch Tower
32:31 Watch Tower
32:34 Watch Tower
33:07 Watch Tower
33:10 Watch Tower
33:14 Watch Tower
33:18 Watch Tower
33:44 Altar of Storms
34:44 Watch Tower
34:52 Voodoo Lounge
41:17 Watch Tower
41:18 Watch Tower
41:21 Watch Tower
45:03 Orc Burrow
65:16 Watch Tower
65:17 Watch Tower
65:17 Watch Tower
65:21 Watch Tower
65:22 Watch Tower
67:05 Great Hall
» items
| Lesser Clarity Potion | 21 | |
| Healing Salve | 10 | |
| Boots of Speed | 1 | |
| Staff of Teleportation | 1 | |
| Orb of Lightning | 3 | |
| Scroll of Town Portal | 6 | |
| Potion of Mana | 7 | |
| Potion of Healing | 3 | |
| Potion of Lesser Invulnerability | 6 | |
| Scroll of Protection | 1 | |
59 total
Chat log
(00:03 / Allies) Halethorpe: hi
(00:12 / Allies) Seal-KissFrmARs: hello
(00:15 / Allies) Halethorpe: do u know the other sandnagger lol
(00:17 / Allies) Seal-KissFrmARs: rush bottom right
(00:51 / Allies) SandNagger: he stole my name
(00:57 / Allies) Halethorpe: that nagger
(01:03 / All) SandNagger: nagger stole my bike
(01:22 / All) Halethorpe: and name
(01:29 / All) SandNaggers: I jacked you name
(01:32 / All) SandNaggers: nigga stole your name]
(01:40 / All) SandNaggers: I stole it from last game bitch
(02:20 / All) Halethorpe: who is the better sandnagger?
(02:55 / All) SandNaggers: I'm gonna fuck red and his team up
(03:09 / All) Halethorpe: thats not nice
(03:20 / All) SandNagger: naggers not taught manners
(03:22 / All) SandNaggers: gonna toss his team around like some fags off of towers
(05:04 / Allies) Seal-KissFrmARs: will u ass hats cum down
(07:49 / All) SandNagger: aw shit
(07:57 / All) SandNagger: HELP
(07:59 / All) SandNagger: WAS ALT TABBED
(08:12 / All) SandNagger: orange prob mhs and saw my weak shit
(08:54 / Allies) Seal-KissFrmARs: wood
(09:17 / Allies) Seal-KissFrmARs: lumber
(09:28 / Allies) Halethorpe: i have none to spare sorry
(09:53 / Allies) SandNagger: thanks teal brother
(09:55 / Allies) Seal-KissFrmARs: red gimme sum of that green
(09:58 / Allies) Halethorpe: no
(10:00 / Allies) Halethorpe: np
(10:02 / Allies) Halethorpe: *
(10:15 / Allies) Halethorpe: abotu have have griff pumpin
(10:31 / Allies) Seal-KissFrmARs: red lemme get summa dat green homie pea
(12:05 / Allies) Seal-KissFrmARs: lemme get some grass red
(13:02 / All) SandNaggers: lol
(16:04 / All) SandNagger: THAT TEARS IT
(16:07 / All) SandNaggers: Yellow is a good player
(17:14 / Allies) legowrestler: lumber
(18:12 / Allies) legowrestler: ... alrigh tcool
(19:59 / All) SandNaggers: thanks for the free gryphs
(21:19 / Allies) Halethorpe: ?
(22:06 / All) SandNaggers: Yellow, you are a good player
(23:47 / All) SandNaggers: fuck
(23:52 / All) SandNaggers: wasn't watching my bm for a sec
(25:09 / All) Seal-KissFrmARs: daymun
(26:43 / Allies) Halethorpe: red what r u doing man
(26:46 / Allies) Halethorpe: u have 8k
(27:03 / Allies) Halethorpe: make units
(27:22 / All) Halethorpe: greedy
(27:25 / All) SandNaggers: yeah
(27:28 / All) SandNaggers: got too greedy
(27:45 / All) Seal-KissFrmARs: red is afk
(27:52 / Allies) Halethorpe: hesn ot
(28:00 / Allies) Seal-KissFrmARs: o
(28:07 / Allies) Seal-KissFrmARs: gimme some of that green red
(28:18 / Allies) Seal-KissFrmARs: 9 k gold u trump bro
(28:26 / All) SandNagger: GONNA BUILD A WALL
(28:29 / All) SandNagger: TO KEEP PURPLE OUT
(28:32 / All) SandNagger: IT'S GONNA BE YUGE
(28:34 / Allies) Seal-KissFrmARs: twerd up
(29:03 / Allies) Seal-KissFrmARs: but gimme some of dat hand out to a nigger
(29:19 / Allies) SandNagger: haven't started any charities yet
(29:30 / All) SandNaggers: shitty war3 pathfinding
(29:30 / Allies) Seal-KissFrmARs: start one for a nigger poor
(31:35 / All) SandNaggers: gay lol
(31:39 / All) SandNaggers: entangling roots cancels ww
(31:44 / All) Seal-KissFrmARs: pwnt
(31:50 / All) Seal-KissFrmARs: be nub more
(32:04 / All) SandNaggers: Get fucked more
(32:56 / Allies) legowrestler: get his altar
(33:38 / Allies) legowrestler: red
(33:41 / Allies) legowrestler: get his altar
(33:49 / Allies) Seal-KissFrmARs: red gimme some green homir
(33:51 / Allies) Seal-KissFrmARs: homie
(34:32 / All) Seal-KissFrmARs: red lemme get some keesh bra
(34:59 / Allies) Halethorpe: we do need reds help if we are gonna win
(35:08 / Allies) Seal-KissFrmARs: red u gonna bro out bro
(35:36 / Allies) Seal-KissFrmARs: teal come to me
(35:40 / Allies) Seal-KissFrmARs: lets kill this bm again
(36:29 / All) SandNagger: Big mistake
(36:44 / Allies) Seal-KissFrmARs: red u there
(36:55 / Allies) SandNagger: yes
(36:56 / Allies) SandNagger: kinda
(36:58 / Allies) Seal-KissFrmARs: gimme some keesh bro
(38:37 / Allies) Halethorpe: my hero wont listen to me..
(39:56 / All) SandNagger: lawl
(39:57 / All) SandNagger: bs
(40:00 / All) SandNagger: I TPED!!!!
(42:09 / All) SandNaggers: Teal is really hopin for this win
(42:14 / All) SandNaggers: and yellow could use one bad
(42:31 / All) Halethorpe: if red was actually trying we would have won alrdy
(42:35 / All) SandNaggers: lol ok
(42:39 / All) SandNaggers: I've been on 50 food all game
(42:42 / All) SandNaggers: so I'm not doing much either
(42:46 / All) gv-420: pink is almighty
(42:58 / All) Halethorpe: w.e big boy
(44:42 / All) Halethorpe: lol nice
(50:47 / All) SandNagger: oh shit my dragons died!!!
(51:36 / All) SandNagger: oh lawl I'm about out of gold
(51:51 / Allies) Halethorpe: yellow u got 3 abom
(52:34 / All) gv-420: all hail pink !
(52:40 / All) SandNaggers: HAIL!
(52:45 / Allies) Halethorpe: pink is a map hackers
(52:46 / All) gv-420: HAIL PINK
(55:40 / All) SandNaggers: You guys tried very hard for this win but it isn't coming
(55:52 / All) gv-420: HAIL PINK
(57:39 / Allies) Halethorpe: where u goin yellow
(59:09 / All) Halethorpe: revenge nagger
(59:14 / All) SandNagger: never leave home without your visa passport
(60:28 / All) seamesuck: gg im assed
(60:36 / All) SandNaggers: It's not over
(61:13 / Allies) Halethorpe: ill heal u red
(61:21 / Allies) SandNagger: thx
(61:26 / All) SandNaggers: plug pullah?
(61:26 / Allies) Halethorpe: gonna stick to u cause ur only one i can heal
(63:56 / All) Halethorpe: lalala
(64:08 / All) Halethorpe: bye
(64:11 / All) SandNaggers: level 3 shield lasts a long ass time
(64:14 / All) Halethorpe: lol
(64:19 / All) SandNagger: lasts longer than wind walk
(64:35 / Allies) Halethorpe: can i get some gold to heal hero
(64:37 / All) SandNaggers: level 3 wind walk is 50 seconds
(64:39 / All) SandNaggers: level 3 divine shield 45
(65:23 / Allies) Halethorpe: red
(65:28 / Allies) Halethorpe: pink is at ur expo
(65:34 / All) SandNagger: you nagger
(65:35 / All) SandNagger: stole my lands
(65:53 / All) SandNaggers: I'm taking your sand nigger oil for myself
(65:59 / All) SandNaggers: I'm the #1 sheikh in this land
(66:29 / All) gv-420: i need to go to chemo ;(
(66:35 / All) SandNaggers: chemo?
(66:44 / All) SandNaggers: lmao if you have cancer and chemo treatment
(66:50 / All) SandNaggers: why the fuck do you care about wc3 dude
(66:55 / All) SandNaggers: sounds like a fib if I've ever heard one
(67:25 / All) gv-420: thats all i enjoy
(68:23 / All) gv-420: a fib ?
(68:37 / All) SandNaggers: If you really had cancer treatment you'd go to it rather than care about a wc3 game
(68:38 / Allies) Halethorpe: red can we try to end this please
(68:58 / All) gv-420: i have 2 go in 35 min
(69:34 / All) SandNaggers: so go if you have to rather than worry about wc3
(70:05 / Allies) Halethorpe: ?
(70:25 / Allies) Halethorpe: so?
(70:53 / All) Halethorpe: la la la
(71:07 / All) Halethorpe: dare u to chase me into reds base
(71:15 / All) SandNagger: hiding behindtowers wittle baby
(71:21 / All) Halethorpe: come back pink
(71:26 / All) SandNaggers: you have a baby hiding in towers in your own base
(71:29 / All) SandNaggers: how about a trade?
(71:34 / All) SandNaggers: I'll trade my team's heroes for teal'
(71:35 / All) SandNaggers: s
(71:37 / All) SandNaggers: sound fair?
(71:51 / All) SandNaggers: sound fair red?
(72:01 / All) SandNaggers: I finish my team's heroes, you get rid of teal's paladin
(72:46 / All) Halethorpe: diff is i can actually help red
(72:52 / All) Halethorpe: ur team cant
(73:14 / All) SandNaggers: Tower hiding bitch
(73:22 / All) Halethorpe: Yawn
(73:30 / Allies) Halethorpe: red>>
(73:31 / All) SandNaggers: There we go
(73:31 / Allies) Halethorpe: wtf
(73:32 / All) SandNaggers: thanks red
(73:37 / Allies) Halethorpe: really?
(73:44 / All) SandNaggers: towers not workign for you now?
(73:45 / Allies) Halethorpe: i thght we were cool
(74:02 / All) SandNagger: nothing personal just business
(74:06 / Allies) Halethorpe: thats fucked up bro
(74:45 / Allies) Halethorpe: way to be a DOUCHE
(74:55 / All) SandNaggers: lalala
(75:31 / All) SandNaggers: lalala
(75:33 / All) SandNagger: salve thief
(75:48 / Allies) Halethorpe: thanks for beign a asshole
(76:20 / All) SandNaggers: Think teal will stay for a standoff?
(76:27 / Allies) Halethorpe: i dont see pink killing his partners
(76:29 / All) SandNagger: tell them the bad news
(76:41 / All) SandNaggers: Me and red have been working together all game
(76:44 / All) SandNaggers: We were in it from the start
(76:48 / All) Halethorpe: no shit
(76:49 / All) SandNaggers: We're going to kill everything including our own units
(76:54 / All) SandNaggers: and give you all a fair chance at victory
(77:00 / All) SandNaggers: It'll be a standoff and you can leave your PC on all night
(77:04 / All) SandNaggers: The last one to leave leaves victorious
(77:06 / All) SandNaggers: sound fair?
(77:20 / All) Halethorpe: yea ur both a bunch of faggots
(77:24 / All) SandNaggers: Will you all leave your pcs on all night for the win?
(77:34 / All) SandNagger: we're both a bundle of sticks?
(77:42 / All) SandNagger: united we stand, boy
(78:03 / All) SandNaggers: No units allowed
(78:15 / All) Halethorpe: U have no lives but to get on a game and ruin it
(78:32 / All) SandNagger: wow is it that obvious
(78:49 / All) Halethorpe: yeah it is u low life cunt
(79:02 / All) seamesuck: later nigglets
(79:17 / All) SandNaggers: Green is AFK getting chemotherapy
(79:20 / All) SandNaggers: so I think he'll stay
(79:29 / All) SandNaggers: If teal leaves I'm happy if green gets the win anyway
(79:44 / All) Halethorpe: i hope red and pink get cancer
(79:48 / All) SandNaggers: l;ol
(79:49 / All) SandNagger: sheesh
(79:54 / All) SandNagger: that sure is a mean thought
(79:57 / All) SandNagger: you must be a bully
(80:04 / All) Halethorpe: cause ur a piece of shit
(80:09 / All) SandNagger: what ever did I do
(80:15 / All) SandNaggers: 37-31
(80:20 / All) SandNaggers: I think he'll stay to try to get the win lol
(80:21 / All) Halethorpe: besides ruin a game that i enjoy playing
(80:58 / All) SandNagger: you mean I've ruined warcraft 3 forever?
(81:10 / All) Halethorpe: u part of it douchebag
(81:21 / All) SandNagger: I am a part of the game because I am a legend?
(81:36 / All) SandNaggers: We are legends of battle.net
(81:40 / All) SandNaggers: and who are you teal?
(81:45 / All) Halethorpe: yeah whatever u say
(81:56 / All) SandNagger: hate to lose my dragon
(82:02 / All) SandNagger: I trained him to be strong and tuff
(82:04 / All) Halethorpe: u are a bunch of no life ass hats
(82:33 / All) SandNaggers: This was a good game
(82:38 / All) SandNaggers: action packed and we each got short on gold
(83:53 / All) SandNagger: Well teal
(83:58 / All) SandNagger: I hope you havea lot of fun
(83:59 / All) SandNaggers: Good luck everyone
(84:00 / All) SandNagger: Good luck dude